 Dungeon Crawl Stone Soup version 0.31-a0-354-g827e0957a7 (webtiles) character file.

Game seed: 17778035670000769238

5149 Locuples the Cleaver (level 10, -2/139 HPs)
             Began as a Minotaur Berserker on July 24, 2023.
             Was an Elder of Trog.
             Slain by a 15-headed hydra (4 damage)
             ... on level 8 of the Dungeon.
             The game lasted 00:12:21 (6834 turns).

Locuples the Cleaver (Minotaur Berserker)           Turns: 6834, Time: 00:12:23

Health: -2/139     AC: 16    Str: 26    XL:     10   Next: 33%
Magic:  9/9        EV:  8    Int:  4    God:    Trog [****..]
Gold:   622        SH:  0    Dex: 10    Spells: 9/9 levels left

rFire   . . .        s - +2 hand axe (pain)
rCold   . . .        (no shield)
rNeg    . . .        q - +0 plate armour
rPois   .            (helmet restricted)
rElec   .            (no cloak)
rCorr   .            (no gloves)
SInv    .            g - +0 pair of boots
Will    .....        (no amulet) Stlth
                     (no ring)
HPRegen 0.43/turn    (no ring)
MPRegen 0.11/turn

%: no passive effects
@: berserking (expiring), very quick
A: horns 2, retaliatory headbutt
a: Renounce Religion, Berserk, Trog's Hand, Brothers in Arms


You were on level 8 of the Dungeon.
You worshipped Trog.
Trog was greatly pleased with you.
You visited 1 branch of the dungeon, and saw 8 of its levels.
You also visited: Ossuary.

You collected 657 gold pieces.
You spent 35 gold pieces at shops.

Inventory:

Hand Weapons
 s - a +2 hand axe of pain (weapon)
Missiles
 u - 2 throwing nets
Armour
 g - a +0 pair of boots (worn)
 q - a +0 plate armour (worn)
Jewellery
 l - an amulet of faith
 n - a ring of see invisible
 x - a ring of ice
Wands
 r - a wand of flame (36)
 w - a wand of paralysis (13)
Scrolls
 a - 3 scrolls of poison {unknown}
 c - 2 scrolls of blinking {unknown}
 d - 2 scrolls of enchant armour {unknown}
 e - a scroll of butterflies {unknown}
 f - 2 scrolls of vulnerability {unknown}
 h - 6 scrolls of identify {unknown}
 j - 2 scrolls of amnesia {unknown}
 p - a scroll of fog {unknown}
 t - a scroll of revelation {unknown}
 v - a scroll of teleportation {unknown}
Potions
 b - a potion of heal wounds {unknown}
 i - a potion of mutation {unknown}
 k - a potion of haste {unknown}
 m - a potion of degeneration {unknown}
 o - a potion of magic {unknown}
 z - a potion of curing {unknown}


   Skills:
 + Level 9.9 Fighting
 + Level 12.8 Axes
 + Level 10.3 Armour
 - Level 2.1 Dodging


You had 9 spell levels left.
You didn't know any spells.
Your spell library was empty.

Dungeon Overview and Level Annotations

Branches:
Dungeon (8/15)             Temple (0/1) D:5         Ossuary (visited)
   Lair: D:8-11

Altars:
Ashenzari
Gozag
Hepliaklqana
The Shining One

Shops:
D:3 (


Innate Abilities, Weirdness & Mutations

You have a pair of horns on your head.
You reflexively headbutt those who attack you in melee.


Message History

The 14-headed hydra bites you.
The 14-headed hydra completely misses you.
The 14-headed hydra bites you. The 14-headed hydra barely misses you.
The 14-headed hydra closely misses you. The 14-headed hydra barely misses you.
The 14-headed hydra bites you! x2
* * * LOW HITPOINT WARNING * * *
The 14-headed hydra barely misses you. The 14-headed hydra bites you.
* * * LOW HITPOINT WARNING * * *
The 14-headed hydra bites you.
* * * LOW HITPOINT WARNING * * *
The 14-headed hydra bites you.
* * * LOW HITPOINT WARNING * * *
The 14-headed hydra completely misses you.
The 14-headed hydra barely misses you.
Okay, then.
You are too berserk!
You are too berserk!
You barely miss the 14-headed hydra.
Your headbutt misses the 14-headed hydra.
The 14-headed hydra is heavily wounded.
You lop one of the 14-headed hydra's heads off!
The 13-headed hydra grows two more!
You slash the 15-headed hydra!
The 15-headed hydra is heavily wounded.
You hear a shout!
The 15-headed hydra bites you.
* * * LOW HITPOINT WARNING * * *
The 15-headed hydra barely misses you. The 15-headed hydra bites you.
* * * LOW HITPOINT WARNING * * *
The 15-headed hydra bites you.
* * * LOW HITPOINT WARNING * * *
The 15-headed hydra bites you but does no damage.
The 15-headed hydra bites you.
* * * LOW HITPOINT WARNING * * *
The 15-headed hydra barely misses you. The 15-headed hydra closely misses you.
The 15-headed hydra bites you!
* * * LOW HITPOINT WARNING * * *
The 15-headed hydra barely misses you. The 15-headed hydra bites you!
* * * LOW HITPOINT WARNING * * *
The 15-headed hydra bites you.
You die...

.#########.##.###
........##.######
..........)).#...
###
#######.###).#.##
..###..
#..#..#..'.#.
#.#.#
#.....#..'.#. ##
#...#
##.:.##.<'.#.
#.###.#)##
#.....#..#.##
#...###@#
#..#..#.##...
##.## ##D#
###.###.##### #.##
#c# ##.##.###..
#.#.## #c#
#.#.#.##...
####.##
####.###.##...
##.# #.#.# #. #...
##.## #.## #...
#.###########.##
#...
##...#.....##.#.##


You could see a 15-headed hydra, a centaur warrior and a centaur.

Vanquished Creatures
  A centaur warrior (D:8)
  Maggie (D:6)
  A meliai (D:8)
  A polar bear (shapeshifter) (D:8)
  Sigmund (D:6)
  A wyvern (D:6)
  A steam dragon (D:7)
  Eustachio (D:5)
  An acid dragon (D:5)
  A water moccasin (D:8)
  2 orc warriors
  Duvessa (D:4)
  An ice beast (D:5)
  2 black bears
  A sky beast (D:8)
  3 ogres
  A centaur (D:5)
  A phantom (D:4)
  2 kobold brigands
  3 gnoll sergeants (D:7)
  A bullfrog (D:8)
  A scorpion (D:5)
  4 wights (D:7)
  2 jellies (D:5)
  Dowan (D:4)
  7 killer bees
  A howler monkey (D:5)
  A centaur zombie (Ossuary)
  A human zombie (Ossuary)
  An orc priest (D:8)
  A gnoll bouda (D:5)
  A hound (D:5)
  9 iguanas
  An orc wizard (D:5)
  2 mummies (Ossuary)
  27 gnolls
  8 adders
  A shadow imp (D:5)
  3 white imps
  2 ufetubi (D:5)
  5 worms
  2 dart slugs
  15 orcs
  6 ball pythons
  3 bats
  3 endoplasms
  3 giant cockroaches
  5 gnoll zombies (Ossuary)
  9 goblins
  6 hobgoblins
  3 quokkas
  3 frilled lizards
  2 goblin zombies (Ossuary)
  2 hobgoblin zombies (Ossuary)
  11 kobolds
  3 orc zombies (Ossuary)
  A rat (D:1)
184 creatures vanquished.

Vanquished Creatures (collateral kills)
  2 gnolls (D:5)
2 creatures vanquished.

Grand Total: 186 creatures vanquished

Notes
Turn   | Place    | Note
-------+----------+-------------------------------------------
     0 | D:1      | Locuples the Minotaur Berserker began the quest for the
                  | Orb.
     0 | D:1      | Reached XP level 1. HP: 19/19 MP: 0/0
   200 | D:1      | Reached skill level 4 in Axes
   200 | D:1      | Reached XP level 2. HP: 18/27 MP: 1/1
   707 | D:2      | Reached XP level 3. HP: 33/33 MP: 2/2
   900 | D:2      | Reached XP level 4. HP: 41/41 MP: 3/3
   906 | D:2      | Reached skill level 5 in Axes
  1036 | D:2      | Reached ** piety under Trog
  1720 | D:3      | Found Yvvont's Weapon Shoppe.
  1734 | D:3      | Bought a +0 war axe for 35 gold pieces
  1748 | D:3      | Found a faded altar of an unknown god.
  1816 | D:3      | Reached skill level 5 in Fighting
  1816 | D:3      | Reached XP level 5. HP: 30/48 MP: 4/4
  2226 | D:3      | Noticed an ogre
  2230 | D:3      | Killed an ogre
  2231 | D:3      | Reached skill level 6 in Axes
  2413 | D:4      | Noticed a black bear
  2423 | D:4      | Killed a black bear
  2424 | D:4      | Reached XP level 6. HP: 42/56 MP: 5/5
  2768 | D:4      | Reached skill level 7 in Axes
  3011 | D:4      | Noticed Dowan
  3012 | D:4      | Noticed Duvessa
  3020 | D:4      | Killed Duvessa
  3021 | D:4      | Reached skill level 5 in Armour
  3021 | D:4      | Reached XP level 7. HP: 43/62 MP: 6/6
  3023 | D:4      | Killed Dowan
  3249 | D:5      | Entered Level 5 of the Dungeon
  3439 | D:5      | Reached skill level 8 in Axes
  3537 | D:5      | Reached *** piety under Trog
  3642 | D:5      | Noticed Eustachio
  3654 | D:5      | Reached XP level 8. HP: 71/71 MP: 7/7
  3658 | D:5      | Killed Eustachio
  3726 | D:5      | Found a staircase to the Ecumenical Temple.
  3732 | D:5      | Reached skill level 9 in Axes
  4264 | D:5      | Reached skill level 10 in Axes
  4427 | D:6      | Noticed Sigmund
  4450 | D:6      | Killed Sigmund
  4451 | D:6      | Reached XP level 9. HP: 58/79 MP: 8/8
  4555 | D:6      | Noticed Maggie
  4570 | D:6      | Killed Maggie
  4599 | D:6      | Reached skill level 11 in Axes
  4845 | D:6      | Found a glowing golden altar of the Shining One.
  4845 | D:6      | Found an opulent altar of Gozag.
  4846 | D:6      | Found a broken altar of Ashenzari.
  4932 | D:6      | Found a sand-covered staircase.
  4943 | Ossuary  | Entered an ossuary
  4963 | Ossuary  | Reached **** piety under Trog
  5817 | D:7      | Reached skill level 12 in Axes
  5997 | D:7      | Paralysed by a wight for 2 turns
  6522 | D:8      | Reached XP level 10. HP: 73/91 MP: 9/9
  6530 | D:8      | Found a hazy altar of Hepliaklqana.
  6810 | D:8      | Noticed a seven-headed hydra
  6811 | D:8      | Noticed a centaur warrior
  6825 | D:8      | Killed a centaur warrior
  6826 | D:8      | Reached skill level 10 in Armour
  6827 | D:8      | Noticed a centaur warrior
  6834 | D:8      | HP: 2/139 [15-headed hydra (7)]
  6834 | D:8      | Slain by a 15-headed hydra

Illustrated notes

Levels and vault maps discovered:
D:1:      lightli_arrival_statuegarden, layout_loops_ring
D:2:      layout_basic
D:3:      layout_basic, serial_shops, nicolae_shop_bloodbath_and_beyond,
          hellmonk_ecumenical_altar_arch_garden, hangedman_decor_growths,
          minivault_5
D:4:      layout_loops_cross, uniq_duvessa
D:5:      minmay_clustersquares, layout_basic, minmay_temple_entry_hall,
          kennysheep_cross_bottleneck, uniq_eustachio
D:6:      layout_loops_ring, gammafunk_temple_overflow_forgotten,
          nicolae_ossuary_entry_monument, uniq_sigmund, uniq_maggie
D:7:      layout_loops_ring
D:8:      minmay_the_grid_square_5x5_3x3 [minmay_the_grid_square_5x5_fat_x,
          minmay_the_grid_square_5x5_almost_minimal,
          minmay_the_grid_square_5x5_checkered,
          minmay_the_grid_square_5x5_spiral_small,
          minmay_the_grid_square_5x5_megaprize_checkered,
          minmay_the_grid_square_5x5_three_walls, minmay_the_grid_square_5x5_c,
          minmay_the_grid_square_5x5_minimal,
          minmay_the_grid_square_5x5_hollow_slash], layout_rooms,
          mainiacjoe_overflow_alcove_4, lair_entry_dummy

Skill      XL: |  1  2  3  4  5  6  7  8  9 10 |
---------------+-------------------------------+-----
Fighting       | 4 5 6 7 9 |  9.9
Axes           | 4 5 6 7 8 10 12 | 12.8
Armour         | 3 4 5 6 7 9 10 | 10.3
Dodging        | |  2.1

Action                     |  1- 3 |  4- 6 |  7- 9 | 10-12 || total
---------------------------+-------+-------+-------+-------++-------
  Melee: Hand axe          |    42 |    25 |   266 |    49 ||   382
         Headbutt          |     6 |    15 |    57 |     8 ||    86
         Punch             |     1 |     1 |     4 |       ||     6
         War axe           |       |    82 |    37 |       ||   119
 Invoke: Berserk           |       |     1 |     7 |     1 ||     9
         Trog's Hand       |       |       |     1 |       ||     1
 Armour: Chain mail        |    19 |    63 |    43 |       ||   125
         Plate armour      |       |       |   136 |    43 ||   179
  Dodge: Dodged            |    25 |    62 |   100 |    33 ||   220

Table legend: (Time is in decaauts)
 A = Elapsed time spent in this place.
 B = Non-inter-level travel time spent in this place.
 C = Inter-level travel time spent in this place.
 D = Time resting spent in this place.
 E = Time spent auto-exploring this place.
 F = Levels seen in this place.
 G = Mean time per level.
                   A        B        C        D        E       F      G
               +--------+--------+--------+--------+--------+-----+--------+
         Total |   6845 |   6706 |    139 |    136 |   5287 |   9 |  760.6 |
       Dungeon |   6749 |   6610 |    139 |    136 |   5234 |   8 |  843.6 |
       Ossuary |     95 |     95 |      0 |      0 |     53 |   1 |   95.0 |
               +--------+--------+--------+--------+--------+-----+--------+

Top non-repeatable levels by time:
     D:5: 1173 daAuts
     D:7: 1096 daAuts
     D:2: 964 daAuts
     D:6: 889 daAuts
     D:4: 872 daAuts
     D:3: 739 daAuts
     D:1: 701 daAuts
     D:8: 313 daAuts
 Ossuary: 95 daAuts
